 Dungeon Crawl Stone Soup version 0.30-a0-852-g08b95dd62f (webtiles) character file.

Game seed: 7378603373547067507

1615741 holysushi the Intangible (level 27, 142/224 HPs)
             Began as a Demonspawn Monk on Mar 4, 2023.
             Was an Initiate of Gozag.
             Escaped with the Orb
             ... and 3 runes!
             The game lasted 01:59:26 (79705 turns).

holysushi the Intangible (Demonspawn Monk)         Turns: 79705, Time: 01:59:27

Health: 142/224    AC: 35    Str:  8    XL:     27
Magic:  28/28      EV: 54    Int: 13    God:    Gozag
Gold:   1413       SH: 35    Dex: 44    Spells: 32/32 levels left

rFire   . . .      SeeInvis +    L - +7 captain's cutlass {speed, disarm}
rCold   + + .      Faith    .    x - +5 kite shield {rPois}
rNeg    + + +      Spirit   .    y - +1 leather armour of Muttered Phrases {Rampage rN+ Str-3 Int+2 Dex+8}
rPois   +          Reflect  +    (helmet unavailable)
rElec   .          Rampage  +    e - scarf {repulsion}
rCorr   +                        W - +3 pair of gauntlets of War {Slay+5}
Will    +++..                    F - +3 pair of mountain boots {steadfast, rC+}
Stlth   +++                      f - amulet "Yhono" {Reflect Str+2 SH+5}
HPRegen 0.57/turn                m - ring "Ecuul" {rF+ rN+++ Str-3 Dex+8 Stlth-}
MPRegen 0.21/turn                S - ring "Neeloc Nunn" {rC+ Will+ rCorr Slay+3}

@: sanguine armoured, studying 2 skills, repel missiles
A: antennae 3, demonic guardian 3, icemail 2, sanguine armour 3, condensation
shield, corrupting presence 2, word of chaos, sense surroundings 1, weak 1, heat
vulnerability 1, MP-powered wands
0: Orb of Zot
}: 3/15 runes: serpentine, barnacled, silver
a: Word of Chaos, Renounce Religion, Potion Petition, Call Merchant, Bribe
Branch


You escaped.
You worshipped Gozag.
Gozag was most pleased with you.
You visited 11 branches of the dungeon, and saw 51 of its levels.
You visited the Abyss 1 time.
You also visited: Sewer, Ossuary, Bailey, Gauntlet, Ice Cave, Volcano and Wizlab.

You collected 35249 gold pieces.
You spent 9111 gold pieces at shops.
You paid 24725 gold pieces to Gozag.

Inventory:

Hand Weapons
 L - the +7 captain's cutlass (weapon) {speed, disarm}
   (You acquired it on level 2 of the Orcish Mines)
 X - the +9 staff of Olgreb {rPois∞}
   (You found it on level 3 of the Elven Halls)

   It enhances your poison magic.
   It grants immunity to poison.
   It can be activated via the 'a'bility menu to radiate toxic energy, with
   effectiveness depending on Evocations skill.
Armour
 b - the +5 robe of Beauty {rC+ Will+}
   (You bought it in a shop on level 1 of the Depths)

   rC:        It protects you from cold.
   Will:      It increases your willpower.
 e - a scarf of repulsion (worn)
 x - a +5 kite shield of poison resistance (worn)
 y - the +1 leather armour of Muttered Phrases (worn) {Rampage rN+ Str-3 Int+2 Dex+8}
   (You bought it in a shop on level 2 of the Shoals)

   Str:       It affects your strength (-3).
   Int:       It affects your intelligence (+2).
   Dex:       It affects your dexterity (+8).
   rN:        It protects you from negative energy.
   Rampage:   It bestows one free step when moving towards enemies.
 F - the +3 pair of mountain boots (worn) {steadfast, rC+}
   (You bought it in a shop on level 8 of the Dungeon)

   Steadfast: It prevents involuntary movement, except for blinking,
   teleportation, or banishment.
   rC:        It protects you from cold.
 W - the +3 pair of gauntlets of War (worn) {Slay+5}
   (You found it on level 3 of the Crypt)

   Slay:      It affects your accuracy & damage with ranged weapons and melee
   (+5).
Jewellery
 f - the amulet "Yhono" (around neck) {Reflect Str+2 SH+5}
   (You found it in a Gauntlet)

   [amulet of reflection]

   It reflects blocked missile attacks.
   Str:       It affects your strength (+2).
   SH:        It affects your SH (+5).
 m - the ring "Ecuul" (left hand) {rF+ rN+++ Str-3 Dex+8 Stlth-}
   (You bought it in a shop on level 1 of the Depths)

   [ring of protection from fire]

   Str:       It affects your strength (-3).
   Dex:       It affects your dexterity (+8).
   rF:        It protects you from fire.
   rN:        It renders you almost immune to negative energy.
   Stlth:     It makes you less stealthy.
 n - the ring of Wurotze {Contam +Blink rElec MP+9 SInv}
   (You took it off a minotaur in a Gauntlet)

   [ring of magical power]

   rElec:     It insulates you from electricity.
   MP:        It affects your magic capacity (+9).
   SInv:      It lets you see invisible.
   +Blink:    It lets you blink.
   Contam:    It causes magical contamination when unequipped.
 S - the ring "Neeloc Nunn" (right hand) {rC+ Will+ rCorr Slay+3}
   (You acquired it on level 2 of the Lair of Beasts)

   [ring of willpower]

   Slay:      It affects your accuracy & damage with ranged weapons and melee
   (+3).
   rC:        It protects you from cold.
   rCorr:     It protects you from acid and corrosion.
   Will:      It increases your willpower.
 Y - the ring "Hepsiuto" {Ice Str+2 Int+4}
   (You took it off Josephina on level 3 of the Depths)

   [ring of ice]

   It enhances your ice magic.
   Str:       It affects your strength (+2).
   Int:       It affects your intelligence (+4).
   rF:        It makes you vulnerable to fire.
   rC:        It protects you from cold.
 Z - a ring of protection from fire
Wands
 r - a wand of digging (2)
 A - a wand of mindburst (27)
 B - a wand of roots (46)
 H - a wand of paralysis (22)
 M - a wand of flame (109)
 U - a wand of quicksilver (16)
Scrolls
 d - 18 scrolls of teleportation
 q - 9 scrolls of fear
 u - 6 scrolls of fog
 I - 9 scrolls of immolation
 J - 13 scrolls of vulnerability
 O - 6 scrolls of blinking
 P - 3 scrolls of brand weapon
 Q - 7 scrolls of poison
 R - a scroll of silence
 T - 8 scrolls of magic mapping
 V - 2 scrolls of butterflies
Potions
 c - 18 potions of mutation
 g - 13 potions of attraction
 h - 7 potions of cancellation
 i - 4 potions of resistance
 j - 2 potions of haste
 k - 12 potions of brilliance
 l - 14 potions of magic
 o - 16 potions of heal wounds
 t - 4 potions of berserk rage
 w - 9 potions of might
 C - 6 potions of lignification
 D - 2 potions of invisibility
 E - 16 potions of flight
 G - 26 potions of curing
 N - 11 potions of ambrosia
Miscellaneous
 a - a box of beasts
 p - a condenser vane
 s - a phantom mirror
 v - a phial of floods
 z - a lightning rod (4/4)
 K - a tin of tremorstones (2/2)


   Skills:
 + Level 19.8 Fighting
 - Level 20.0 Short Blades
 - Level 15.0 Armour
 O Level 27 Dodging
 - Level 20.0 Stealth
 - Level 17.7 Shields
 - Level 3.4 Spellcasting
 - Level 15.4 Evocations


You had 32 spell levels left.
You didn't know any spells.
Your spell library contained the following spells:

 Spells                   Type           Power      Damage    Failure   Level
 Beastly Appendage        Tmut           4%         N/A       41%         1
 Freeze                   Ice            8%         1d3       41%         1
 Kiss of Death            Conj/Necr      8%         2d6       41%         1
 Magic Dart               Conj           8%         1d3       41%         1
 Sandblast                Erth           4%         2d4       41%         1
 Shock                    Conj/Air       8%         1d3       41%         1
 Slow                     Hex            8%         N/A       41%         1
 Blink                    Tloc           4%         N/A       54%         2
 Call Imp                 Summ           2%         N/A       54%         2
 Cigotuvi's Dreadful Rot  Necr/Pois/Air  4%         N/A       54%         2
 Lesser Beckoning         Tloc           4%         N/A       54%         2
 Passwall                 Tmut/Erth      1%         N/A       54%         2
 Poisonous Vapours        Pois/Air       4%         N/A       54%         2
 Static Discharge         Conj/Air       4%         2-3/arc   54%         2
 Wereblood                Tmut           2%         N/A       54%         2
 Confusing Touch          Hex            2%         N/A       78%         3
 Dazzling Flash           Conj/Hex       4%         N/A       78%         3
 Frozen Ramparts          Ice            4%         1d1       78%         3
 Gell's Gravitas          Tloc           2%         N/A       78%         3
 Hailstorm                Conj/Ice       2%         3d3       78%         3
 Ignite Poison            Fire/Tmut/Pois 2%         N/A       78%         3
 Inner Flame              Hex/Fire       2%         N/A       78%         3
 Kindle Blastsparks       Fire/Tloc/Air  4%         2d10      78%         3
 Mephitic Cloud           Conj/Pois/Air  2%         N/A       78%         3
 Ozocubu's Armour         Ice            2%         N/A       78%         3
 Spider Form              Tmut/Pois      2%         N/A       78%         3
 Stone Arrow              Conj/Erth      4%         3d7       78%         3
 Swiftness                Air            2%         N/A       78%         3
 Teleport Other           Tloc           2%         N/A       78%         3
 Vampiric Draining        Necr           2%         2d6       78%         3
 Vhi's Electric Charge    Tloc/Air       4%         N/A       78%         3
 Airstrike                Air            1%         2d(1-17)  99%         4
 Anguish                  Hex/Necr       1%         N/A       99%         4
 Animate Armour           Summ/Erth      4%         N/A       99%         4
 Cause Fear               Hex            1%         N/A       99%         4
 Dispel Undead            Necr           2%         3d7       99%         4
 Flame Wave               Conj/Fire      2%         2d4       99%         4
 Fulminant Prism          Conj/Hex       1%         3d5       99%         4
 Ice Form                 Ice/Tmut       2%         N/A       99%         4
 Iskenderun's Mystic Bla  Conj/Tloc      2%         2d3       99%         4
 Leda's Liquefaction      Hex/Erth       1%         N/A       99%         4
 Manifold Assault         Tloc           2%         N/A       99%         4
 Passage of Golubria      Tloc           2%         N/A       99%         4
 Petrify                  Tmut/Erth      2%         N/A       99%         4
 Sticky Flame             Conj/Fire      2%         2d3       99%         4
 Summon Ice Beast         Ice/Summ       2%         N/A       99%         4
 Agony                    Necr           2%         N/A       100%        5
 Arcjolt                  Conj/Air       1%         1d11      100%        5
 Lee's Rapid Deconstruct  Erth           1%         3d4*      100%        5
 Lightning Bolt           Conj/Air       1%         1d12      100%        5
 Metabolic Englaciation   Hex/Ice        1%         N/A       100%        5
 Silence                  Hex/Air        1%         N/A       100%        5
 Summon Forest            Summ/Tloc      1%         N/A       100%        5
 Summon Mana Viper        Hex/Summ       2%         N/A       100%        5
 Dispersal                Tloc           1%         N/A       100%        6
 Eringya's Noxious Bog    Tmut/Pois      1%         N/A       100%        6
 Statue Form              Tmut/Erth      1%         N/A       100%        6
 Enfeeble                 Hex            1%         N/A       100%        7
 Haunt                    Necr/Summ      1%         N/A       100%        7
 Malign Gateway           Summ/Tloc      1%         N/A       100%        7
 Ozocubu's Refrigeration  Ice            1%         4d7       100%        7
 Storm Form               Tmut/Air       1%         N/A       100%        7
 Discord                  Hex            1%         N/A       100%        8
 Disjunction              Tloc           1%         N/A       100%        8
 Ignition                 Fire           1%         3d3       100%        8
 Infestation              Necr           1%         N/A       100%        8
 Lehudib's Crystal Spear  Conj/Erth      1%         10d2      100%        8
 Fire Storm               Conj/Fire      1%         7d1       100%        9
 Animate Dead             Necr           Unusable   N/A       N/A         4

Dungeon Overview and Level Annotations

Branches:
Dungeon (15/15)            Temple (1/1) D:5            Lair (5/5) D:9
 Shoals (4/4) Lair:3        Snake (4/4) Lair:3        Slime (0/5) Lair:5
    Orc (2/2) D:12            Elf (3/3) Orc:2        Vaults (5/5) D:13
  Crypt (3/3) Vaults:3       Tomb (0/3) Crypt:3      Depths (4/4) D:15
    Zot (5/5) Depths:4      Sewer (visited)         Ossuary (visited)
 Bailey (visited)           IceCv (visited)         Volcano (visited)
 WizLab (visited)         Gauntlet (visited)

Altars:
Ashenzari
Cheibriados
Fedhas
Gozag
Kikubaaqudgha
Makhleb
Nemelex Xobeh
Qazlal
Ru
Sif Muna
Vehumet
Wu Jian
Xom
Yredelemnul
Jiyva

Shops:
D:7 [   D:8 *   D:14 (   Orc:1 *   Orc:2 (:?[(??(   Elf:1 :(?:   Elf:3 [
Lair:4 =   Shoals:2 *?[(   Shoals:3 ?   Snake:2 **   Snake:3 ==:   Vaults:2 (
Vaults:3 [(   Crypt:1 [=([   Zot:1 [   Depths:1 =(==[   Depths:4 *

Portals:
Hell: Depths:1 Depths:2 Depths:3 Depths:4
Abyss: Depths:1 Depths:3 Depths:4
Pandemonium: Depths:2
Ziggurat: Depths:3
Trove: D:15 (give +3 ice dragon scales)

Annotations:
D:3 2 transporters, cforsyth's ghost, amateur KoBr
D:9 4 runed translucent doors
Shoals:1 2 transporters, exclusion: orange crystal statue
Shoals:2 2 transporters, Wyzutisk's ghost, journeyman MiFi


Innate Abilities, Weirdness & Mutations

You have a pair of large antennae on your head. (SInv)
A powerful demonic guardian rushes to your aid.
A meltable icy envelope protects you from harm. (AC +8)
When seriously injured, your blood forms very thick armour. (AC +12)
A meltable shield of frost defends you. (SH +4)
Your presence sometimes corrodes or deforms those you injure.
You can speak a Word of Chaos.
You passively map a small area around you.
You are weak. (Str -2)
You are vulnerable to heat. (rF-)
You expend magic power (3 MP) to strengthen your wands.


Message History

You impale the sun demon!!
The sun demon is heavily wounded.
You hit the Orb Guardian.
The Orb Guardian is heavily wounded.
You puncture the Orb Guardian!
Your corrupting presence corrodes the Orb Guardian!
The Orb Guardian is severely wounded.
You block the Orb Guardian's attack. The sun demon completely misses you.
You block the Orb Guardian's attack.
You hit the Orb Guardian.
The Orb Guardian is severely wounded.
You block the sun demon's attack.
You puncture the Orb Guardian!
The Orb Guardian is almost dead.
You impale the Orb Guardian!!
You kill the Orb Guardian!
You puncture the sun demon!
The sun demon is almost dead.
You block the sun demon's attack. You block the sun demon's attack.
You see here 26 gold pieces.
You impale the sun demon!!
You kill the sun demon!
No target in view!
You see here a +0 demon whip of draining.
No target in view!
No target in view!
You now have 1387 gold pieces (gained 21).
You now have 1413 gold pieces (gained 26).
Your extra speed is starting to run out.
There is an open door here.
You feel yourself slow down.
There is an open door here.
Your icy envelope is restored.
There is an open door here.
A red devil comes into view. It is wielding a +0 trident.
You block the red devil's attack.
There is a staircase leading out of the dungeon here.
The red devil misses you.
You have escaped!

..# #...#...>...###.#'#..# # ..#
#...'.......##..#.#..# # ..#
#...#..#'#..#####.#### # ..#
####'#####.########.###### ..##
#........................#
...#####.###.###########.######..
.........# #.#4...# ###'### #.#
...#####.# #.#..⌠.# ##.....## #.#
#.## #.# #.'..@.# #.......# #.#
#.# #.# ###..⌠.# #..###..# #.#
#.# #.## #....# ##.....## ###
#+## #..## ###### ####### ###
...## ###.# #.##.###.## ....##
#.## ##........## .....## #..##
#.....#####.
......####...#########.#...####..
......'.......................'..


You could see a red devil.

Vanquished Creatures
  3 dread liches
  3 ancient liches
  An orb of fire (Zot:5)
  A juggernaut (Zot:2)
  Sojobo (Crypt:3)
  5 Killer Klowns
  Josephina (Depths:3)
  Vv (Depths:2)
  5 curse toes
  Vashnia (Snake:2)
  17 golden dragons
  Jory (Crypt:3)
  A bone dragon (Depths:4)
  2 electric golems (Zot:5)
  17 tentacled monstrosities
  A Hell Sentinel (Depths:4)
  A walking crystal tome (Depths:3)
  2 liches
  3 titans
  The ghost of Zeolishe the Cloud Mage, an adept TeAE of Vehumet (Vaults:3)
  Zenata (Elf:2)
  2 deep elf master archers (Elf:3)
  2 walking earthen tomes
  2 walking frostbound tomes
  6 quicksilver dragons
  2 deep elf blademasters
  18 Orb Guardians
  A walking divine tome (Depths:2)
  Asterion (Elf:3)
  8 sphinxes
  8 death cobs
  An Executioner (Depths:4)
  2 krakens
  7 ancient champions
  10 shadow dragons
  7 tengu reavers
  9 draconian monks
  22 storm dragons
  Donald (Crypt:1)
  3 azure jellies (IceCv)
  19 vault wardens
  3 revenants
  12 fire giants
  7 draconian knights
  6 nagarajas (Snake:4)
  11 frost giants
  7 deep elf sorcerers
  5 iron dragons
  6 draconian scorchers
  Aizul (Snake:2)
  2 balrugs
  A juggernaut zombie (Crypt:2)
  2 deep elf elementalists
  9 draconian shifters
  3 draconian annihilators
  2 curse skulls
  4 draconian stormcallers
  3 ghost moths
  7 ghouls
  2 orc warlords
  2 war gargoyles
  3 quicksilver oozes (IceCv)
  18 ironbound preservers
  A spriggan defender (Depths:1)
  A reaper (Zot:4)
  21 very ugly things
  4 ironbound thunderhulks
  13 stone giants
  10 vampire knights
  8 black draconians
  9 white draconians
  4 deep elf demonologists
  9 green draconians
  11 deep elf annihilators
  A spark wasp (shapeshifter) (Depths:2)
  Azrael (Snake:3)
  27 dire elephants
  A minotaur (Gauntlet)
  A lorocyproca (Depths:3)
  23 spark wasps
  11 yellow draconians
  10 purple draconians
  10 red draconians
  7 eidola
  A blizzard demon (D:12)
  8 deep elf death magi
  3 merfolk javelineers
  2 entropy weavers
  3 fire dragons
  11 jiangshi
  5 merfolk impalers
  12 yaktaur captains
  12 ettins
  4 great orbs of eyes
  A deep elf high priest (Elf:1)
  A fenstrider witch zombie (Crypt:2)
  6 rakshasas
  12 ice dragons
  8 anacondas
  2 spriggan air magi
  30 vault guards
  3 salamander tyrants (Snake:4)
  8 hydras
  6 ironbound frosthearts
  A ghost crab (WizLab)
  3 merfolk aquamancers (Shoals:3)
  2 merfolk avatars
  3 death knights
  5 ogre magi
  An alligator snapping turtle (Shoals:3)
  4 catoblepae
  3 boulder beetles
  11 centaur warriors
  13 satyrs
  12 two-headed ogres
  4 death yaks (Lair:1)
  6 tengu warriors
  23 dancing weapons
  A hell hog (Abyss:2)
  12 deep troll earth magi
  A bennu skeleton (Crypt:2)
  7 deep troll shamans
  14 naga warriors
  4 spriggan berserkers
  4 orc high priests
  A soul eater (Crypt:3)
  6 vampire magi
  13 deep elf knights
  10 naga sharpshooters
  2 hell knights
  9 shock serpents
  7 skysharks
  5 sun demons
  Amaemon (Lair:1)
  Nergalle (D:11)
  4 salamander mystics
  4 shadow wraiths
  4 sixfirhies (Gauntlet)
  15 sea snakes
  A ghost moth zombie (Crypt:3)
  An elf simulacrum (Crypt:3)
  7 iron trolls
  72 deep trolls
  An anaconda zombie (Crypt:2)
  39 skeletal warriors
  9 flayed ghosts
  A death drake (WizLab)
  A storm dragon skeleton (Crypt:3)
  A shadow demon (Zot:2)
  2 anaconda skeletons (Volcano)
  11 orc knights
  A glowing orange brain (shapeshifter) (Vaults:1)
  19 phantasmal warriors
  A golden dragon skeleton (Depths:1)
  2 bog bodies
  5 naga ritualists
  2 glowing orange brains
  11 lindwurms
  11 wizards
  2 orange crystal statues (IceCv)
  30 harpies
  A jorogumo zombie (Crypt:1)
  32 deep elf pyromancers
  16 ironbound convokers
  6 necromancers
  30 deep elf zephyrmancers
  A glowing shapeshifter (Vaults:5)
  7 mana vipers
  16 manticores
  20 fauns
  18 deep elf archers
  A wolf spider (D:12)
  15 cyclopes
  A shadow dragon skeleton (Crypt:3)
  A sphinx skeleton (Vaults:1)
  A stone giant zombie (Crypt:3)
  33 ugly things
  5 oklob plants
  5 merfolk sirens
  26 moths of wrath
  An eleionoma skeleton (Crypt:2)
  11 salamanders
  3 centaur zombies (D:11)
  A shining eye (shapeshifter) (Vaults:5)
  10 elephants (Lair:4)
  6 guardian serpents
  2 smoke demons
  Maurice (D:9)
  6 water nymphs
  11 cane toads
  27 black mambas
  A guardian serpent (shapeshifter) (D:13)
  A fire giant skeleton (Vaults:1)
  An apocalypse crab (WizLab)
  An eye of devastation (shapeshifter) (Vaults:4)
  13 naga magi
  2 torpor snails (Lair:5)
  21 vault sentinels
  A torpor snail (shapeshifter) (Elf:3)
  An orange demon (Lair:1)
  5 gargoyles
  A black draconian zombie (Crypt:1)
  8 komodo dragons
  A rime drake (shapeshifter) (D:15)
  Maggie (D:7)
  11 freezing wraiths
  A storm dragon simulacrum (Depths:3)
  5 kobold demonologists
  8 unseen horrors
  An anaconda simulacrum (Crypt:3)
  A spark wasp simulacrum (Depths:1)
  A bunyip simulacrum (Crypt:3)
  A catoblepas zombie (Crypt:1)
  A rime drake (Lair:4)
  A human zombie (Vaults:1)
  6 tengu conjurers
  34 yaktaurs
  A golden dragon simulacrum (Depths:3)
  A tormentor (D:4)
  A death yak skeleton (Crypt:2)
  A polar bear (Lair:5)
  A merfolk (shapeshifter) (Depths:4)
  2 meliai (D:12)
  10 hornets
  17 trolls
  25 merfolk
  A queen bee (D:12)
  7 wind drakes
  A queen bee (shapeshifter) (Depths:1)
  A harpy skeleton (Crypt:3)
  A moth of wrath zombie (Crypt:2)
  A jumping spider (Vaults:1)
  A dream sheep (shapeshifter) (Vaults:5)
  5 blink frogs (Lair:5)
  A frost giant simulacrum (Depths:3)
  8 snapping turtles
  13 flying skulls
  An ettin zombie (Crypt:2)
  39 slime creatures
  A jumping spider (shapeshifter) (D:13)
  14 dream sheep
  A culicivora zombie (Crypt:3)
  A boulder beetle zombie (Crypt:2)
  2 ynoxinuls (Abyss:2)
  8 air elementals
  13 water elementals
  6 wyverns
  Sigmund (D:6)
  9 vampires
  13 spriggans
  3 shadows (D:11)
  38 yaks
  12 wraiths
  An alligator skeleton (Crypt:2)
  A hog (shapeshifter) (D:13)
  8 basilisks
  4 chaos spawn (Depths:3)
  5 starcursed masses (Abyss:2)
  A steam dragon (D:7)
  3 fire elementals
  Eustachio (D:6)
  A human (shapeshifter) (Elf:3)
  Grum (Lair:1)
  A redback (shapeshifter) (Vaults:5)
  A black mamba skeleton (Crypt:2)
  2 neqoxecs (Abyss:2)
  2 redbacks
  5 vampire mosquitoes
  2 wargs (shapeshifter)
  Menkaure (D:6)
  8 large abominations
  A harpy simulacrum (Crypt:3)
  2 wargs (Orc:1)
  6 acid dragons
  41 nagas
  A two-headed ogre skeleton (Crypt:3)
  A hydra simulacrum (Abyss:2)
  A naga skeleton (Crypt:3)
  16 water moccasins
  An ogre skeleton (Vaults:1)
  A cane toad zombie (Crypt:1)
  2 hell hounds (Snake:3)
  A floating eye (Depths:2)
  7 black bears
  A cane toad skeleton (Crypt:1)
  A swamp drake (shapeshifter) (Vaults:5)
  7 great orb of eyes simulacra (IceCv)
  29 orc warriors
  3 ice beasts
  A blink frog zombie (Crypt:3)
  5 boggarts
  21 ogres
  A blink frog skeleton (Crypt:1)
  7 centaurs
  40 wolves
  A human skeleton (Vaults:1)
  3 slime creature simulacra (IceCv)
  A snapping turtle skeleton (Crypt:3)
  4 kobold brigands
  A phantom (D:5)
  A draconian zombie (Crypt:1)
  3 small abominations (Depths:3)
  2 earth elementals (Elf:3)
  3 necrophages
  5 water moccasin zombies (Ossuary)
  2 scorpions
  6 bullfrogs
  3 glowing shapeshifter simulacra (IceCv)
  14 wights
  A cyclops skeleton (Crypt:1)
  6 spriggan skeletons
  37 killer bees
  A troll skeleton (Crypt:1)
  A raiju skeleton (Crypt:2)
  2 howler monkeys (D:12)
  8 hounds
  4 jellies
  9 orc priests
  A sleepcap (D:7)
  An iron imp (Abyss:2)
  Natasha (twice) (D:4)
  2 iguanas (D:6)
  17 orc wizards
  A scorpion zombie (Crypt:1)
  2 mummies (Ossuary)
  Robin (D:2)
  14 gnolls
  6 adders
  4 river rats (Sewer)
  2 white imps
  An ufetubus (Abyss:2)
  5 adder zombies (Ossuary)
  A lava snake zombie (Crypt:3)
  An adder skeleton (Crypt:3)
  3 worms
  3 dart slugs
  46 orcs
  8 ball pythons
  6 bats
  8 endoplasms
  10 giant cockroaches
  6 gnoll zombies (Ossuary)
  13 goblins
  12 hobgoblins
  8 jackals (D:4)
  4 quokkas
  5 frilled lizards
  A giant cockroach zombie (Crypt:2)
  A goblin zombie (Crypt:3)
  3 hobgoblin zombies (Ossuary)
  42 kobolds
  4 kobold zombies (Ossuary)
  An orc zombie (Ossuary)
  24 rats
  4 tentacles
2423 creatures vanquished.

Vanquished Creatures (collateral kills)
  A golden dragon (Depths:2)
  5 Orb Guardians (Zot:5)
  A titan (Depths:2)
  A deep elf blademaster (Elf:3)
  2 ancient champions (Crypt:3)
  A rockslime (IceCv)
  Ilsuiw (Shoals:2)
  A deep elf elementalist (Elf:3)
  A war gargoyle (Vaults:4)
  An ironbound preserver (Vaults:4)
  2 very ugly things
  2 purple draconians (Zot:1)
  A red draconian (Zot:1)
  A dire elephant (Vaults:3)
  A white draconian (Zot:1)
  A deep elf death mage (Elf:3)
  An ettin (D:12)
  An ice dragon (Depths:2)
  A caustic shrike simulacrum (Depths:3)
  A hydra (D:14)
  An anaconda (Snake:1)
  A naga warrior (Snake:1)
  A satyr (Shoals:4)
  2 boulder beetles
  A two-headed ogre (Orc:2)
  A tengu warrior (D:11)
  A death yak (D:9)
  A deep elf knight (Elf:2)
  A skyshark (Shoals:2)
  6 deep trolls
  An orc knight (Bailey)
  An ironbound convoker (Vaults:4)
  2 phantasmal warriors
  5 harpies
  3 lindwurms
  A manticore (D:12)
  2 fauns (Shoals:2)
  An ugly thing (Vaults:1)
  A cyclops (D:12)
  An elephant (Lair:4)
  3 vault sentinels
  2 water nymphs (Shoals:3)
  2 naga magi (Snake:3)
  A black mamba (Snake:1)
  A gargoyle (Volcano)
  A spark wasp simulacrum (Depths:3)
  A freezing wraith (Vaults:4)
  A queen bee (Gauntlet)
  A merfolk (Shoals:4)
  A meliai (D:12)
  10 dream sheep
  A snapping turtle (Shoals:4)
  A centaur simulacrum (D:12)
  An air elemental (WizLab)
  2 spriggans (Lair:5)
  A slime creature (Vaults:1)
  7 yaks
  3 nagas
  A water moccasin (Lair:3)
  A hell hound (Snake:3)
  An ice beast (D:3)
  An ogre (D:6)
  2 wolves (Lair:4)
  A boggart (Lair:5)
  2 bullfrogs (D:7)
  A jelly (D:6)
  5 wights (D:7)
  2 killer bees (D:12)
  A hound (D:4)
  Natasha (D:4)
  A sleepcap (D:6)
  An adder (Sewer)
  A river rat (Sewer)
  2 gnolls (Bailey)
  3 orcs
  An endoplasm (D:3)
  A rat (Sewer)
  2 tentacles
132 creatures vanquished.

Vanquished Creatures (others)
  A dread lich (Zot:5)
  2 Killer Klowns (Zot:5)
  4 Orb Guardians (Zot:5)
  A draconian annihilator (Zot:5)
  A deep elf demonologist (Elf:3)
  A black draconian (Zot:1)
  An ogre mage (D:11)
  A deep elf knight (Elf:1)
  A wizard (Vaults:3)
  A necromancer (Depths:1)
  2 vampires (Vaults:3)
  A shadow (D:11)
  A slime creature (IceCv)
  A water elemental (Depths:1)
  A vampire mosquito (D:11)
  A naga (Snake:4)
  2 demonic plants (Abyss:2)
  29 fungi
  107 plants
  23 tentacles
  4 withered plants (D:11)
186 creatures vanquished.

Grand Total: 2741 creatures vanquished

Notes
Turn   | Place    | Note
-------+----------+-------------------------------------------
     0 | D:1      | holysushi the Demonspawn Monk began the quest for the Orb.
     0 | D:1      | Reached XP level 1. HP: 18/18 MP: 1/1
   166 | D:1      | Gained mutation: A meltable shield of frost defends you.
                  | (SH +4) [demonic ancestry]
   166 | D:1      | Reached XP level 2. HP: 24/24 MP: 2/2
   472 | D:1      | Found a faded altar of an unknown god.
   746 | D:1      | Gained mutation: When seriously injured, your blood forms
                  | armour. (AC +12) [demonic ancestry]
   746 | D:1      | Reached XP level 3. HP: 29/29 MP: 3/3
  1198 | D:2      | Noticed Robin
  1345 | D:2      | Killed Robin
  1814 | D:2      | Gained mutation: A weak demonic guardian rushes to your
                  | aid. [demonic ancestry]
  1814 | D:2      | Reached XP level 4. HP: 35/35 MP: 4/4
  2744 | D:3      | Reached skill level 5 in Short Blades
  2962 | D:3      | Gained mutation: A demonic guardian rushes to your aid.
                  | [demonic ancestry]
  2962 | D:3      | Reached XP level 5. HP: 20/41 MP: 5/5
  3095 | D:3      | Noticed cforsyth's ghost (amateur KoBr)
  3195 | D:3      | Noticed an ice beast
  3257 | D:3      | Killed an ice beast
  3361 | D:3      | Reached XP level 6. HP: 32/47 MP: 6/6
  3709 | D:3      | Found a transporter.
  3734 | D:3      | Found a sacrificial altar of Ru.
  3823 | D:3      | Found a transporter.
  4025 | D:4      | Noticed Natasha
  4051 | D:4      | Killed Natasha
  4169 | D:4      | Found a glowing drain.
  4185 | D:4      | Noticed Natasha
  4220 | D:4      | Gained mutation: You occasionally shout uncontrollably at
                  | your foes. [potion of mutation]
  4220 | D:4      | Gained mutation: You are robust. (+10% HP) [potion of
                  | mutation]
  4220 | D:4      | Gained mutation: You have sharp fingernails. [potion of
                  | mutation]
  4220 | D:4      | Gained mutation: You are resistant to electric shocks.
                  | (rElec) [potion of mutation]
  4225 | D:4      | Killed Natasha
  4257 | Sewer    | Entered a sewer
  5168 | D:4      | Gained mutation: You have a pair of small antennae on your
                  | head. [demonic ancestry]
  5168 | D:4      | Reached XP level 7. HP: 51/57 MP: 7/7
  5797 | D:4      | Noticed Natasha
  5818 | D:4      | Killed Natasha
  6043 | D:5      | Entered Level 5 of the Dungeon
  6193 | D:5      | Found a staircase to the Ecumenical Temple.
  6252 | Temple   | Entered the Ecumenical Temple
  6516 | Temple   | Became a worshipper of Gozag Ym Sagoz the Greedy
  6603 | D:5      | Gained mutation: A powerful demonic guardian rushes to your
                  | aid. [demonic ancestry]
  6603 | D:5      | Reached XP level 8. HP: 50/63 MP: 5/8
  7435 | D:6      | Reached skill level 3 in Dodging
  7887 | D:6      | Reached skill level 10 in Short Blades
  7939 | D:6      | Reached skill level 4 in Dodging
  7943 | D:6      | Noticed Sigmund
  7947 | D:6      | Killed Sigmund
  7948 | D:6      | Reached skill level 5 in Dodging
  7969 | D:6      | Found an ancient bone altar of Kikubaaqudgha.
  8182 | D:6      | Reached XP level 9. HP: 49/69 MP: 5/9
  8290 | D:6      | Noticed Menkaure
  8309 | D:6      | Noticed Eustachio
  8315 | D:6      | Killed Menkaure
  8316 | D:6      | Reached skill level 6 in Dodging
  8322 | D:6      | Killed Eustachio
  8676 | D:6      | Reached skill level 7 in Dodging
  9612 | D:7      | Found a flagged portal.
  9668 | D:7      | Reached skill level 8 in Dodging
  9807 | Bailey   | Entered a bailey
 10076 | Bailey   | Noticed an orc knight
 10098 | Bailey   | Killed an orc knight
 10298 | Bailey   | Acquired 937 gold pieces
 10310 | D:7      | Bought a steaming leather armour for 196 gold pieces
 10310 | D:7      | Identified the +3 leather armour of the Okapi {rPois Int+2}
                  | (You bought it in a shop on level 7 of the Dungeon)
 10310 | D:7      | Bought a masterwork scale mail for 252 gold pieces
 10310 | D:7      | Identified the +0 scale mail of the Thinker {+Inv rElec
                  | Int-2 Dex+2} (You bought it in a shop on level 7 of the
                  | Dungeon)
 10310 | D:7      | Bought a pair of embroidered gloves for 210 gold pieces
 10508 | D:7      | Reached XP level 10. HP: 44/74 MP: 5/10
 10756 | D:7      | Noticed Maggie
 10830 | D:7      | Killed Maggie
 11403 | D:8      | Noticed a sixfirhy
 11431 | D:8      | Reached skill level 9 in Dodging
 11671 | D:8      | Found a sand-covered staircase.
 11676 | Ossuary  | Entered an ossuary
 12263 | D:8      | Reached skill level 5 in Stealth
 12532 | D:8      | Bought the +3 pair of mountain boots {steadfast, rC+} for
                  | 502 gold pieces
 12532 | D:8      | Found the +3 pair of mountain boots {steadfast, rC+}
 12597 | D:9      | Noticed a two-headed ogre
 12609 | D:9      | Killed a two-headed ogre
 12704 | D:9      | Reached XP level 11. HP: 66/77 MP: 11/11
 12821 | D:9      | Found a staircase to the Lair.
 12826 | D:9      | Reached skill level 10 in Dodging
 13102 | D:9      | Noticed a death yak
 13118 | D:9      | Killed a death yak
 13177 | D:9      | Found a runed translucent door.
 13206 | D:9      | Found a runed translucent door.
 13263 | D:9      | Noticed Maurice
 13270 | D:9      | Killed Maurice
 13271 | D:9      | Reached skill level 5 in Fighting
 13379 | D:9      | Found a runed translucent door.
 13382 | D:9      | Found a runed translucent door.
 13607 | D:10     | Entered Level 10 of the Dungeon
 14371 | D:10     | Noticed a two-headed ogre
 14398 | D:10     | Killed a two-headed ogre
 14504 | D:10     | Noticed a two-headed ogre
 14506 | D:10     | Killed a two-headed ogre
 14680 | Lair:1   | Entered Level 1 of the Lair of Beasts
 15201 | Lair:1   | Noticed a death yak
 15203 | Lair:1   | Noticed a death yak
 15203 | Lair:1   | Noticed a death yak
 15204 | Lair:1   | Noticed a death yak
 15241 | Lair:1   | Killed a death yak
 15304 | Lair:1   | Killed a death yak
 15305 | Lair:1   | Reached XP level 12. HP: 50/96 MP: 12/12
 15310 | Lair:1   | Killed a death yak
 15320 | Lair:1   | Killed a death yak
 15474 | Lair:1   | Noticed Grum
 15507 | Lair:1   | Killed Grum
 15677 | Lair:1   | Noticed Amaemon
 15725 | Lair:1   | Killed Amaemon
 16662 | Lair:2   | Reached skill level 5 in Evocations
 17558 | Lair:2   | Identified the +8 trident of Elicroes {flame, rElec rN+}
 17559 | Lair:2   | Acquired the ring "Neeloc Nunn" {rC+ Will+ rCorr Slay+3}
 17588 | Lair:2   | Noticed a catoblepas
 17616 | Lair:2   | Killed a catoblepas
 17988 | Lair:3   | Found a staircase to the Snake Pit.
 18398 | Lair:3   | Noticed a seven-headed hydra
 18414 | Lair:3   | Found a staircase to the Shoals.
 18415 | Lair:3   | Identified the +9 plate armour of Rasazud {Dex+4}
 18433 | Lair:3   | Reached skill level 11 in Dodging
 18730 | Lair:3   | Reached skill level 12 in Dodging
 19067 | Lair:3   | Reached XP level 13. HP: 71/107 MP: 12/13
 19618 | Lair:4   | Lost mutation: You are resistant to electric shocks.
                  | (rElec) [potion of mutation]
 19618 | Lair:4   | Lost mutation: You have sharp fingernails. [potion of
                  | mutation]
 19618 | Lair:4   | Lost mutation: You are robust. (+10% HP) [potion of
                  | mutation]
 19618 | Lair:4   | Gained mutation: Your mind is acute. (Int +4, Str/Dex -1)
                  | [potion of mutation]
 19618 | Lair:4   | Gained mutation: You expend magic power (3 MP) to
                  | strengthen your wands. [potion of mutation]
 19618 | Lair:4   | Gained mutation: You do not regenerate when monsters are
                  | visible. [potion of mutation]
 19619 | Lair:4   | Lost mutation: You do not regenerate when monsters are
                  | visible. [potion of mutation]
 19619 | Lair:4   | Lost mutation: You occasionally shout uncontrollably at
                  | your foes. [potion of mutation]
 19619 | Lair:4   | Lost mutation: You expend magic power (3 MP) to strengthen
                  | your wands. [potion of mutation]
 19619 | Lair:4   | Gained mutation: You expend magic power (3 MP) to
                  | strengthen your wands. [potion of mutation]
 19619 | Lair:4   | Gained mutation: You passively map a small area around you.
                  | [potion of mutation]
 19619 | Lair:4   | Lost mutation: Your mind is acute. (Int +4, Str/Dex -1)
                  | [potion of mutation]
 19748 | Lair:4   | Reached skill level 13 in Dodging
 20254 | Lair:4   | Reached skill level 14 in Dodging
 20286 | Lair:4   | Identified the +1 leather armour of the Bulwark {Will+}
 20908 | Lair:5   | Entered Level 5 of the Lair of Beasts
 21165 | Lair:5   | Reached skill level 15 in Dodging
 21549 | Lair:5   | Gained mutation: When seriously injured, your blood forms
                  | thick armour. (AC +12) [demonic ancestry]
 21549 | Lair:5   | Reached XP level 14. HP: 47/105 MP: 14/14
 22839 | Lair:5   | Found a staircase to the Slime Pits.
 22839 | Lair:5   | Found a viscous altar of Jiyva.
 23565 | Lair:2   | Reached skill level 16 in Dodging
 23985 | D:11     | Identified the +3 leather armour "Eggesuq" {rElec Will++}
 23985 | D:11     | Identified the ring "Reheur Zeh" {rF++ rC- MP+9 Int+3
                  | Slay+4}
 24269 | D:11     | Found a snail-covered altar of Cheibriados.
 24974 | D:11     | Noticed Nergalle
 25001 | D:11     | Killed Nergalle
 25031 | D:11     | Reached skill level 10 in Stealth
 25759 | D:12     | Found a gate leading to a gauntlet.
 25772 | Gauntlet | Entered a Gauntlet
 25772 | Gauntlet | Found a transporter.
 25796 | Gauntlet | Found a transporter.
 25798 | Gauntlet | Found a transporter.
 25809 | Gauntlet | Found a transporter.
 25812 | Gauntlet | Found a transporter.
 25823 | Gauntlet | Found a transporter.
 25841 | Gauntlet | Found a transporter.
 25849 | Gauntlet | Found a transporter.
 25856 | Gauntlet | Found a runed translucent door.
 25862 | Gauntlet | Found a transporter.
 25867 | Gauntlet | Found a transporter.
 25881 | Gauntlet | Found a transporter.
 25896 | Gauntlet | Found a transporter.
 25948 | Gauntlet | Found a transporter.
 26135 | Gauntlet | Found a transporter.
 26142 | Gauntlet | Reached skill level 17 in Dodging
 26253 | Gauntlet | Gained mutation: You have a pair of antennae on your head.
                  | [demonic ancestry]
 26253 | Gauntlet | Reached XP level 15. HP: 43/110 MP: 9/15
 26279 | Gauntlet | Identified the amulet "Yhono" {Reflect Str+2 SH+5}
 26390 | Gauntlet | Identified the ring of Wurotze {Contam +Blink rElec MP+9
                  | SInv}
 26413 | Gauntlet | Identified the -1 helmet of Ignis's Regard {rPois Regen+
                  | Str-5 SInv}
 26503 | D:12     | Reached skill level 1 in Spellcasting
 26871 | D:12     | Noticed a frost giant
 27379 | D:12     | Killed a frost giant
 27695 | D:12     | Found a staircase to the Orcish Mines.
 28145 | Orc:1    | Entered Level 1 of the Orcish Mines
 28239 | Orc:1    | Found Costa's General Store.
 28533 | Orc:2    | Entered Level 2 of the Orcish Mines
 28555 | Orc:2    | Reached skill level 18 in Dodging
 28749 | Orc:2    | Found a dark tunnel.
 28791 | Volcano  | Entered a volcano
 29383 | Orc:2    | Found Tiofiatz's Antique Weapon Boutique.
 29391 | Orc:2    | Found Goceop's Book Boutique.
 29404 | Orc:2    | Found a staircase to the Elven Halls.
 29459 | Orc:2    | Found Meycuq's Magic Scroll Shop.
 29707 | Orc:2    | Found Ihorcharch's Armour Emporium.
 29739 | Orc:2    | Found Peustrym's Antique Weapon Shoppe.
 29986 | Orc:2    | Found Cacavett's Magic Scroll Shop.
 29989 | Orc:2    | Found Vibyod's Antique Weapon Emporium.
 30004 | Orc:2    | Found Pick's Magic Scroll Shoppe.
 30519 | Orc:2    | Bought a scroll of acquirement for 728 gold pieces
 30534 | Orc:2    | Bought a scroll of acquirement for 728 gold pieces
 30534 | Orc:2    | Bought a scroll of blinking for 105 gold pieces
 30536 | Orc:2    | Acquired the +7 captain's cutlass {speed, disarm}
 30536 | Orc:2    | Found the +7 captain's cutlass {speed, disarm}
 30540 | Orc:2    | Acquired a manual of Stealth
 31261 | D:13     | Reached skill level 10 in Evocations
 31577 | D:13     | Reached XP level 16. HP: 117/117 MP: 21/21
 31789 | D:13     | Found a gate to the Vaults.
 32246 | D:14     | Reached skill level 1 in Shields
 32384 | D:14     | Found Jainu's Weapon Emporium.
 33078 | D:15     | Entered Level 15 of the Dungeon
 33462 | D:15     | Identified the +2 leather armour "Geuhiyre" {Drain rC+
                  | Str+2}
 33514 | D:15     | Found a portal to a secret trove of treasure.
 33593 | Abyss:2  | Cast into level 2 of the Abyss (a wizard)
 33641 | Abyss:2  | Noticed a profane servitor
 33841 | Abyss:2  | Found a corrupted altar of Lugonu.
 33843 | Abyss:2  | Found a corrupted altar of Lugonu.
 34010 | D:15     | Escaped the Abyss
 34058 | D:15     | Found a staircase to the Depths.
 34425 | Depths:1 | Entered Level 1 of the Depths
 34441 | Depths:1 | Bought a faintly glowing plate armour for 644 gold pieces
 34441 | Depths:1 | Identified the +15 plate armour "Lugoj" {Contam Rampage
                  | rPois Dex+3} (You bought it in a shop on level 1 of the
                  | Depths)
 34441 | Depths:1 | Bought a shimmering robe for 131 gold pieces
 34441 | Depths:1 | Identified the +5 robe of Beauty {rC+ Will+} (You bought it
                  | in a shop on level 1 of the Depths)
 34691 | Shoals:1 | Entered Level 1 of the Shoals
 34734 | Shoals:1 | Found a frozen archway.
 34767 | IceCv    | Entered an ice cave
 34776 | IceCv    | Reached skill level 10 in Fighting
 34990 | IceCv    | Reached skill level 5 in Shields
 35313 | IceCv    | Found a viscous altar of Jiyva.
 35664 | IceCv    | Identified the amulet of Norhujoc {Reflect Harm *Slow rC++
                  | Dex+3 SH+5}
 35917 | Shoals:1 | Reached skill level 15 in Stealth
 36206 | Shoals:1 | Found a transporter.
 36210 | Shoals:1 | Found a transporter.
 36470 | Shoals:1 | Reached XP level 17. HP: 91/128 MP: 22/22
 36811 | Shoals:2 | Found Amipp's Magic Scroll Shop.
 36815 | Shoals:2 | Found Raseise's Assorted Antiques.
 36816 | Shoals:2 | Bought a scroll of acquirement for 1040 gold pieces
 36816 | Shoals:2 | Acquired 1195 gold pieces
 36818 | Shoals:2 | Bought a scroll of blinking for 150 gold pieces
 36818 | Shoals:2 | Bought a scroll of enchant weapon for 150 gold pieces
 36818 | Shoals:2 | Bought a scroll of blinking for 150 gold pieces
 36818 | Shoals:2 | Bought a scroll of enchant armour for 150 gold pieces
 36863 | Shoals:2 | Bought a jewelled leather armour for 252 gold pieces
 36863 | Shoals:2 | Identified the +1 leather armour of Muttered Phrases
                  | {Rampage rN+ Str-3 Int+2 Dex+8} (You bought it in a shop on
                  | level 2 of the Shoals)
 36913 | Shoals:2 | Reached skill level 1 in Armour
 37746 | Shoals:2 | Found Porew's Antique Weapon Emporium.
 37754 | Shoals:2 | Bought a brightly glowing rapier for 225 gold pieces
 37754 | Shoals:2 | Identified the +3 rapier "Boqeunez" {freeze, Str+3 Int+3}
                  | (You bought it in a shop on level 2 of the Shoals)
 37797 | Shoals:2 | Found Ramus's Armour Shoppe.
 37808 | Shoals:2 | Noticed Ilsuiw
 37823 | Shoals:2 | Noticed a kraken
 38134 | Shoals:2 | Found a transporter.
 38136 | Shoals:2 | Found a transporter.
 38138 | Shoals:2 | Noticed Wyzutisk's ghost (journeyman MiFi)
 38198 | Shoals:2 | Killed a kraken
 38470 | Shoals:2 | Killed Ilsuiw
 38810 | Shoals:3 | Found Pyvvoote's Magic Scroll Boutique.
 39544 | Shoals:3 | Found the +2 cloak of the Thief {*Fog Slay-2 SInv Stlth+}
 39988 | Shoals:3 | Reached skill level 5 in Armour
 40089 | Shoals:4 | Entered Level 4 of the Shoals
 40262 | Shoals:4 | Noticed a kraken
 40294 | Shoals:4 | Killed a kraken
 40484 | Shoals:3 | Bought a scroll of acquirement for 1040 gold pieces
 40484 | Shoals:3 | Acquired a manual of Evocations
 41310 | Shoals:4 | Gained mutation: When seriously injured, your blood forms
                  | very thick armour. (AC +12) [demonic ancestry]
 41310 | Shoals:4 | Reached XP level 18. HP: 129/138 MP: 23/23
 41394 | Shoals:4 | Got the Tractate on Geometries and the Birds
 41476 | Shoals:4 | Reached skill level 15 in Evocations
 41502 | Shoals:4 | Identified the +0 robe "Faomyr" {rF+ Dex+4}
 41822 | Shoals:4 | Got a barnacled rune of Zot
 42415 | Snake:1  | Entered Level 1 of the Snake Pit
 43041 | Snake:2  | Found Juurhapa's Assorted Antiques.
 43102 | Snake:2  | Found Ruseem's CLEARANCE SALE!.
 43248 | Snake:2  | Noticed Vashnia
 43276 | Snake:2  | Killed Vashnia
 43439 | Snake:2  | Reached skill level 19 in Dodging
 43501 | Snake:2  | Noticed Aizul
 43522 | Snake:2  | Killed Aizul
 44211 | Snake:3  | Noticed Azrael
 44219 | Snake:3  | Killed Azrael
 44666 | Snake:3  | Found Qorokkan's Jewellery Shop.
 45018 | Snake:3  | Found Maczuj's Jewellery Shop.
 45019 | Snake:3  | Found Ferupny's Book Emporium.
 45339 | Snake:4  | Entered Level 4 of the Snake Pit
 46689 | Snake:4  | Gained mutation: A meltable icy envelope protects you from
                  | harm. (AC +8) [demonic ancestry]
 46689 | Snake:4  | Reached XP level 19. HP: 99/144 MP: 23/24
 47271 | Snake:4  | Reached skill level 20 in Dodging
 47581 | Snake:4  | Got a serpentine rune of Zot
 48066 | D:12     | Identified the amulet of Gipon {+Inv Will- Regen+ rCorr}
 48200 | Depths:1 | Bought the ring "Ecuul" {rF+ rN+++ Str-3 Dex+8 Stlth-} for
                  | 1366 gold pieces
 48326 | Elf:1    | Entered Level 1 of the Elven Halls
 48430 | Elf:1    | Found Noetavemp's Book Boutique.
 48560 | Elf:1    | Found Tioty's Weapon Shop.
 48699 | Elf:1    | Found Erigeesm's Magic Scroll Emporium.
 48987 | Elf:1    | Gained mutation: A meltable icy envelope protects you from
                  | harm. (AC +8) [demonic ancestry]
 48987 | Elf:1    | Reached XP level 20. HP: 155/155 MP: 25/25
 49039 | Elf:1    | Found Cunamut's Book Shop.
 49702 | Elf:2    | Found a huge runed translucent gate.
 49703 | Elf:2    | Found a huge runed translucent gate.
 49704 | Elf:2    | Found a huge runed translucent gate.
 49705 | Elf:2    | Found a huge runed translucent gate.
 49706 | Elf:2    | Found a huge runed translucent gate.
 49783 | Elf:2    | Reached skill level 10 in Shields
 50155 | Elf:2    | Noticed Zenata
 50160 | Elf:2    | Killed Zenata
 50795 | Elf:3    | Entered Level 3 of the Elven Halls
 50795 | Elf:3    | Noticed Asterion
 50798 | Elf:3    | Killed Asterion
 50843 | Elf:3    | Found Sunar's Armour Boutique.
 51198 | Elf:3    | Reached XP level 21. HP: 93/166 MP: 26/26
 51200 | Elf:3    | Reached skill level 21 in Dodging
 51241 | Elf:3    | Reached skill level 15 in Fighting
 51341 | Elf:3    | Identified the amulet of Free Will {RegenMP rElec Regen+
                  | Dex-3 SInv}
 51344 | Elf:3    | Identified the ring of Athefeci {Int+6 Dex+3}
 51513 | Elf:3    | Identified the +1 scale mail of Fortification {Dex+3}
 51559 | Elf:3    | Found the +9 staff of Olgreb {rPois∞}
 51578 | Elf:3    | Got the Secrets of the Earthen Torch
 51623 | Elf:3    | Identified the +9 arbalest "Nuemozic" {freeze, rPois rF-
                  | rN+ Will+}
 52256 | Vaults:1 | Entered Level 1 of the Vaults
 52823 | Vaults:1 | Acquired a manual of Armour
 53830 | Vaults:1 | Reached skill level 22 in Dodging
 54621 | Vaults:2 | Found Pibyvo Johy's Weapon Boutique.
 55034 | Vaults:2 | Reached XP level 22. HP: 175/181 MP: 27/27
 55669 | Vaults:3 | Found Efoacyock's Weapon Shoppe.
 55696 | Vaults:3 | Found Ziwaheof's Armour Shoppe.
 56274 | Vaults:3 | Found a runed translucent door.
 56274 | Vaults:3 | Noticed Zeolishe's ghost (adept TeAE)
 56487 | Vaults:3 | Reached skill level 23 in Dodging
 57102 | Vaults:3 | Found a staircase to the Crypt.
 57370 | Vaults:3 | Killed Zeolishe's ghost
 57710 | Vaults:4 | Reached skill level 24 in Dodging
 58846 | Vaults:4 | Gained mutation: You have a pair of large antennae on your
                  | head. (SInv) [demonic ancestry]
 58846 | Vaults:4 | Reached XP level 23. HP: 172/190 MP: 28/28
 59080 | Vaults:4 | Identified the +0 chain mail of Esoluaf {rCorr Str+2
                  | Slay+2}
 59655 | Crypt:1  | Entered Level 1 of the Crypt
 60025 | Vaults:5 | Entered Level 5 of the Vaults
 60079 | Vaults:5 | Reached skill level 25 in Dodging
 60180 | Vaults:5 | Noticed a dread lich
 60381 | Vaults:4 | Paralysed by a dread lich for 5 turns
 60396 | Vaults:4 | Killed a dread lich
 61052 | Vaults:5 | Noticed an ancient lich
 61082 | Vaults:5 | Killed an ancient lich
 61158 | Vaults:5 | Noticed a dread lich
 61347 | Vaults:4 | Paralysed by a dread lich for 2 turns
 61361 | Vaults:4 | Killed a dread lich
 61545 | Vaults:5 | Identified the ring "Jaol" {rCorr EV+5 Str+3}
 61551 | Vaults:5 | Identified the +1 plate armour "Jintagid" {Rampage SInv}
 61557 | Vaults:5 | Got a silver rune of Zot
 61562 | Vaults:5 | Got the Annotations on Transition
 61571 | Vaults:5 | Got the Secrets of Terrestrial Fascination
 61971 | Vaults:5 | Found the +8 trishula "Condemnation" {holy, anguish, *Noise
                  | Fly rN+}
 62249 | Vaults:5 | Reached skill level 15 in Short Blades
 62312 | Vaults:5 | Identified the ring of Fasas {rCorr AC+4}
 62771 | Crypt:1  | Reached skill level 26 in Dodging
 62773 | Crypt:1  | Noticed Donald
 62784 | Crypt:1  | Killed Donald
 63091 | Crypt:1  | Got the Notes on the Translocated Catacomb
 63105 | Crypt:1  | Found an ancient bone altar of Kikubaaqudgha.
 63323 | Crypt:1  | Gained mutation: Your presence sometimes corrodes those you
                  | injure. [demonic ancestry]
 63323 | Crypt:1  | Reached XP level 24. HP: 190/197 MP: 28/28
 64743 | Crypt:3  | Entered Level 3 of the Crypt
 64887 | Crypt:3  | Found a magical portal.
 64892 | WizLab   | Entered The Chambers of the Cloud Mage
 65035 | WizLab   | Paralysed by an air elemental for 1 turns
 65465 | Crypt:3  | Found a staircase to the Tomb.
 65776 | Crypt:3  | Reached skill level 15 in Shields
 66114 | Crypt:3  | Found a basalt altar of Yredelemnul.
 66116 | Crypt:3  | Found an ancient bone altar of Kikubaaqudgha.
 66117 | Crypt:3  | Found the +3 pair of gauntlets of War {Slay+5}
 66517 | Crypt:3  | Noticed Jory
 66518 | Crypt:3  | Noticed Sojobo
 66534 | Crypt:3  | Killed Jory
 66536 | Crypt:3  | Reached skill level 27 in Dodging
 66538 | Crypt:3  | Paralysed by an air elemental for 1 turns
 66549 | Crypt:3  | Killed Sojobo
 67626 | Depths:1 | Gained mutation: Your presence sometimes corrodes or
                  | deforms those you injure. [demonic ancestry]
 67626 | Depths:1 | Reached XP level 25. HP: 198/204 MP: 28/28
 67826 | Depths:1 | Found a one-way gate to the infinite horrors of the Abyss.
 67856 | Depths:1 | Found a runed translucent door.
 67927 | Depths:1 | Found a gateway to Hell.
 69066 | Depths:2 | Identified the +3 ring mail of the Minstrel {rCorr Str+7
                  | Dex-2 SInv}
 69127 | Depths:2 | Noticed Vv
 69186 | Depths:2 | Killed Vv
 69829 | Depths:2 | Found a one-way gate leading to the halls of Pandemonium.
 70050 | Depths:3 | Identified the ring "Hepsiuto" {Ice Str+2 Int+4}
 70050 | Depths:3 | Noticed Josephina
 70062 | Depths:3 | Killed Josephina
 70301 | Depths:3 | Found a one-way gateway to a ziggurat.
 71097 | Depths:3 | Identified the +1 dagger of Berelay {flame, rPois Str+3}
 71734 | Depths:4 | Entered Level 4 of the Depths
 71749 | Depths:4 | Reached skill level 10 in Armour
 72054 | Depths:4 | Found Pomn's General Store.
 72077 | Depths:4 | Reached XP level 26. HP: 211/211 MP: 28/28
 72086 | Depths:4 | Bought a scroll of acquirement for 1092 gold pieces
 72086 | Depths:4 | Acquired a manual of Spellcasting
 72394 | Depths:4 | Found a radiant altar of Vehumet.
 72699 | Depths:4 | Found a gate to the Realm of Zot.
 72843 | Zot:1    | Entered Level 1 of the Realm of Zot
 74172 | Zot:2    | Noticed a dread lich
 74368 | Zot:1    | Killed a dread lich
 74925 | Zot:2    | a Killer Klown changed into a juggernaut
 74925 | Zot:2    | Noticed a juggernaut
 74980 | Zot:2    | Killed a juggernaut
 75110 | Zot:2    | Acquired 686 gold pieces
 76681 | Zot:4    | Gained mutation: You can speak a Word of Chaos. [demonic
                  | ancestry]
 76681 | Zot:4    | Reached XP level 27. HP: 217/217 MP: 28/28
 77354 | Zot:4    | Reached skill level 15 in Armour
 77968 | Zot:5    | Entered Level 5 of the Realm of Zot
 78621 | Zot:5    | Noticed an ancient lich
 78622 | Zot:5    | Killed an ancient lich
 78675 | Zot:5    | Noticed an ancient lich
 78683 | Zot:5    | Killed an ancient lich
 78712 | Zot:5    | Noticed an ancient lich
 78713 | Zot:5    | Noticed an orb of fire
 78717 | Zot:5    | Noticed a dread lich
 78766 | Zot:5    | Noticed an orb of fire
 78788 | Zot:5    | Gained mutation: You are weak. (Str -2) [an orb of fire]
 78792 | Zot:5    | Killed an orb of fire
 78849 | Zot:5    | Got the Orb of Zot
 79274 | D:14     | Gained mutation: You are vulnerable to heat. (rF-) [a
                  | cacodemon]
 79705 | D:$      | Escaped with the Orb!

Illustrated notes

Levels and vault maps discovered:
D:1:      dpeg_arrival_renting, layout_loops_corners,
          hellmonk_ecumenical_altar_run_dry, serial_bayou_lagoon_a
D:2:      layout_basic, chequers_serial_rivers_small_b, minmay_pentomino_r2,
          uniq_robin
D:3:      layout_basic, lemuel_round_altar, gammafunk_ghost_arena
D:4:      layout_gridville, portal_sewer_entry_f, corexii_hall_statues_l,
          uniq_natasha
D:5:      layout_basic, temple_pool_b
D:6:      layout_basic, nicolae_kikubaaqudgha_miasma_corner, uniq_sigmund,
          uniq_eustachio, uniq_menkaure
D:7:      layout_loops_ring, enter_bailey_6, minmay_misc_feat_plants,
          uniq_maggie
D:8:      layout_rooms, enter_ossuary_2, serial_park_tiny_2
D:9:      layout_rooms, david_lair_generic, minmay_statue_crystal_thing,
          uniq_maurice
D:10:     layout_basic, nicolae_two_hexagons
D:11:     minmay_the_grid_square_5x5_4x4_mashed
          [minmay_the_grid_square_5x5_bracketed,
          minmay_the_grid_square_5x5_doubleslash,
          minmay_the_grid_square_5x5_inner_v,
          minmay_the_grid_square_5x5_tri_point,
          minmay_the_grid_square_5x5_shrine1,
          minmay_the_grid_square_5x5_prize_waves,
          minmay_the_grid_square_5x5_prize_open,
          minmay_the_grid_square_5x5_beaten_path,
          minmay_the_grid_square_5x5_percent,
          minmay_the_grid_square_5x5_prize_monsterx,
          minmay_the_grid_square_5x5_prize_junk,
          minmay_the_grid_square_5x5_bite,
          minmay_the_grid_square_5x5_inverted_slash,
          minmay_the_grid_square_5x5_two, minmay_the_grid_square_5x5_inset,
          minmay_the_grid_square_5x5_two_small], layout_stronghold,
          serial_undead, serial_undead_c, serial_undead_b, serial_undead_b,
          serial_undead_d, uniq_nergalle
D:12:     hangedman_what_comes_after_a, layout_basic, orc_0_dummy,
          gauntlet_entry_generic, kennysheep_crisscross
D:13:     layout_basic, david_vaults_4
D:14:     layout_long_grid, minmay_misc_feat_more_columns, serial_shops,
          nicolae_diamond_shop
D:15:     hangedman_depths_entry_civil_slaughter, layout_cave_pools,
          enter_trove_5
Temple:   mainiacjoe_temple_big_plus
Lair:1:   layout_roguey, uniq_grum, uniq_amaemon
Lair:2:   layout_layer_cave
Lair:3:   layout_regular_city, nicolae_shoals_entry_roost,
          minmay_snake_entry_guardpost_small, chequers_serial_rivers_micro_e,
          minivault_23, hangedman_lair_unloving_vines
Lair:4:   layout_small_grid
Lair:5:   minmay_lair_end_enchanted_forest, layout_regular_city, slime_entry_1,
          grunt_megastairs_1
Shoals:1: gammafunk_sealed_arena, layout_shoals,
          portal_ice_cave_entry_pillars_four, nicolae_shoals_circle_sea_wall
Shoals:2: layout_shoals, serial_shops, nicolae_diamond_shop, nicolae_shop_stone,
          shop, nicolae_shop_hallway_plus, ebering_ghost_davey_jones,
          uniq_ilsuiw
Shoals:3: cheibrodos_shoals_three_sisters, layout_shoals, serial_shops,
          nicolae_shop_trees
Shoals:4: shoals_end_hellmonk_lost_city
Snake:1:  layout_misc_corridors
Snake:2:  layout_cave_town, serial_shops, nicolae_shop_behind_doors,
          nicolae_shop_clearance, lemuel_fruit_tree, uniq_aizul, uniq_vashnia
Snake:3:  layout_chambers, minmay_shop_grove, uniq_azrael
Snake:4:  minmay_snake_end_coiled, layout_cave_shapes,
          nicolae_snake_biting_tails, drop_trap, nrook_guardian_serpent_double
Orc:1:    layout_caves, serial_shops, nicolae_diamond_shop
Orc:2:    st_orc_open, layout_caves, enter_volcano_4, serial_shops,
          nicolae_square_shop, nicolae_shop_temple_entry_statues_fountains,
          nicolae_shop_waterfront, shop, rock_pile
Elf:1:    nicolae_elf_arrival_aired_out, layout_gridlike, serial_shops,
          nicolae_shop_waterfront, shop_statue, shop, shop,
          hangedman_elf_represent, grunt_megastairs_2
Elf:2:    elven_hall_of_blades_hangedman_alternative
          [nicolae_blade_entry_hurt_lockers], layout_gridlike, uniq_zenata
Elf:3:    elf_hall, layout_geoelf_grid, serial_sigils,
          serial_sigils_hangedman_gut, serial_sigils_hangedman_gut,
          serial_sigils_hangedman_gut, serial_sigils_hangedman_snap,
          serial_sigils_hangedman_stare, serial_sigils_hangedman_shear,
          serial_shops, nicolae_shop_advertising_works
          [nicolae_subvault_shop_adworks], uniq_asterion
Vaults:1: v_rooms_1, ontoclasm_vaults_decontamination, v_misc_10,
          vaults_mumra_chevron_long, vaults_standard_mumra_x, st_spiral_rooms,
          nicolae_vaults_alarming, hangedman_vaults_trim,
          nicolae_vaults_three_branches, ontoclasm_vaults_shuriken,
          layout_vaults_omnigrid
Vaults:2: vaults_room_large_hall, hangedman_vaults_pinch,
          ontoclasm_vaults_water_temple, ontoclasm_vaults_fault,
          vaults_dpeg_doors, v_misc_24, ontoclasm_vaults_tryst,
          nicolae_vaults_big_ls, v_pattern_5, nicolae_vaults_specimen_jars,
          vaults_room_semicircle, nicolae_vaults_little_ls, layout_vaults_maze,
          serial_shops, shop
Vaults:3: hellmonk_ghost_happy_afterlife, minmay_crypt_entry_vampire_xt,
          vaults_room_boxed, special_room_vaults [special_room_orc],
          nicolae_vaults_mini_display_case, hangedman_vaults_capsules,
          dpeg_vaults_monster_box, v_rooms_2, vaults_dpeg_ring,
          hangedman_vaults_restitches, nicolae_vaults_angled_halls,
          serial_ice_b, vaults_room_hallway, layout_vaults_ring, serial_glass,
          serial_shops, nicolae_shop_bloodbath_and_beyond, uniq_nikola
Vaults:4: grunt_vaults_focal, hangedman_vaults_variations, v_rooms_3,
          hangedman_vaults_nodes, v_misc_14, v_misc_24, hangedman_vaults_trim,
          v_misc_13, nicolae_vaults_theta, layout_vaults_chaotic_city
Vaults:5: uniq_margery
Crypt:1:  layout_rooms, lemuel_statue_altar, grunt_crypt_arrival_webbed,
          lemuel_upstairs_altar, uniq_donald
Crypt:2:  layout_catacombs
Crypt:3:  lightli_unholy_cathedral, layout_chaotic_city, mu_enter_wizlab_1,
          grunt_megastairs_4, uniq_jory, uniq_sojobo
Depths:1: layout_cave_pools, hell_entry, abyss_entry, serial_bayou_pond_d,
          serial_rivers, chequers_serial_rivers_small_b,
          chequers_serial_rivers_micro_e, chequers_serial_rivers_small_b,
          chequers_serial_rivers_micro_e, chequers_serial_rivers_micro_e,
          grunt_ministairs_11, minmay_hidden_floor, serial_bayou_shore_a
Depths:2: minmay_central_circle, layout_honeycomb, hell_entry, pan_entry,
          kennysheep_nondescript, infiniplex_staircase_diamond, uniq_vv
Depths:3: minmay_quantized_circle, layout_cave_shapes, enter_ziggurat_f,
          grunt_hell_entry_dis_mu, minmay_room_of_horrors,
          nicolae_elevator_lobby_plus, infiniplex_staircase_zigzag_2,
          uniq_josephina
Depths:4: evilmike_zot_entry_diamond, layout_gridlike, hell_entry,
          abyss_entry_glasseish, serial_shops, shop, kennysheep_pointless_box,
          fiery_altar_vehumet
Zot:1:    layout_misc_corridors
Zot:2:    ebering_klown_carousel, layout_basic
Zot:3:    kennysheep_blocky_room, layout_basic
Zot:4:    nicolae_moth_party, layout_concentric_octagons
Zot:5:    layout_onion

Skill      XL: |  1  2  3  4  5  6  7  8  9 10 11 12 13 14 15 16 17 18 19 20 21 22 23 24 25 26 27 |
---------------+----------------------------------------------------------------------------------+-----
Short Blades   | 3 4 5 6 7 9 10 11 13 14 15 16 18 20 | 20.0
Dodging        | 5 8 9 10 12 15 17 18 19 20 22 24 26 27 | 27.0
Stealth        | 2 5 6 10 15 16 18 20 | 20.0
Evocations     | 3 5 10 14 15 | 15.4
Fighting       | 6 8 10 11 12 14 17 18 19 | 19.8
Spellcasting   | 3 |  3.4
Shields        | 5 7 9 10 11 17 | 17.7
Armour         | 5 10 14 15 | 15.0

Action                     |  1- 3 |  4- 6 |  7- 9 | 10-12 | 13-15 | 16-18 | 19-21 | 22-24 | 25-27 || total
---------------------------+-------+-------+-------+-------+-------+-------+-------+-------+-------++-------
  Melee: Short sword       |   215 |   461 |   494 |       |       |       |       |       |       ||  1170
         Punch             |     2 |     3 |     9 |    29 |    41 |       |       |       |       ||    84
         Rapier            |       |       |    35 |  1241 |  2065 |       |       |       |       ||  3341
         Cutlass           |       |       |       |       |    60 |  2121 |  1458 |  2969 |  2401 ||  9009
 Invoke: Call Merchant     |       |       |     1 |     1 |     1 |     3 |     1 |     5 |     1 ||    13
         Bribe Branch      |       |       |       |       |       |       |       |       |     1 ||     1
Ability: Word of Chaos     |       |       |       |       |       |       |       |       |     2 ||     2
  Evoke: Wand              |       |       |    19 |       |     5 |     5 |     5 |     6 |     2 ||    42
         Condenser vane    |       |       |       |       |     1 |     3 |     3 |    11 |     9 ||    27
         Box of beasts     |       |       |       |       |       |     4 |     1 |     4 |     4 ||    13
         Phial of floods   |       |       |       |       |       |     1 |     1 |     1 |       ||     3
         Tin of tremorston |       |       |       |       |       |       |     2 |     4 |     3 ||     9
         Phantom mirror    |       |       |       |       |       |       |       |       |     2 ||     2
    Use: Potion            |     2 |     5 |       |     1 |     8 |     3 |     1 |     1 |    12 ||    33
         Scroll            |       |     7 |    11 |     6 |    15 |    13 |     4 |     6 |     3 ||    65
   Stab: Sleeping          |     9 |     7 |    13 |    11 |    18 |    74 |    44 |    63 |    51 ||   290
         Invisible         |       |     1 |       |       |     6 |       |       |       |       ||     7
         Distracted        |       |       |     1 |     2 |    23 |    25 |    29 |    49 |    50 ||   179
         Petrified         |       |       |       |       |     2 |       |       |       |       ||     2
         Confused          |       |       |       |       |     1 |       |       |       |       ||     1
         Paralysed         |       |       |       |       |       |       |       |     1 |       ||     1
 Armour: Robe              |    32 |    89 |    48 |       |       |   116 |       |       |       ||   285
         Skin              |       |    27 |       |       |       |       |       |       |       ||    27
         Leather armour    |       |       |     3 |   227 |   327 |    38 |    70 |   142 |    86 ||   893
  Dodge: Dodged            |   108 |   259 |   236 |   675 |  1555 |  1031 |   653 |  1305 |   961 ||  6783
         Repelled          |     1 |     1 |     3 |     6 |    11 |    17 |    11 |     5 |    14 ||    69
  Block: Other             |    22 |    68 |    45 |   119 |   288 |       |       |       |       ||   542
         Buckler           |       |       |       |       |    15 |   648 |       |       |       ||   663
         Kite shield       |       |       |       |       |       |   224 |  1141 |  2479 |  1867 ||  5711
         Reflection        |       |       |       |       |       |       |    58 |    39 |    17 ||   114

Table legend: (Time is in decaauts)
 A = Elapsed time spent in this place.
 B = Non-inter-level travel time spent in this place.
 C = Inter-level travel time spent in this place.
 D = Time resting spent in this place.
 E = Time spent auto-exploring this place.
 F = Levels seen in this place.
 G = Mean time per level.
                   A        B        C        D        E       F      G
               +--------+--------+--------+--------+--------+-----+--------+
         Total |  72408 |  67535 |   4873 |   5959 |  43427 |  59 | 1227.3 |
       Dungeon |  19648 |  17630 |   2018 |   1058 |  11837 |  15 | 1309.9 |
        Temple |    286 |    264 |     22 |      0 |    247 |   1 |  286.0 |
          Lair |   8825 |   7983 |    842 |    486 |   5645 |   5 | 1765.0 |
        Shoals |   5999 |   5610 |    389 |    837 |   3106 |   4 | 1499.8 |
     Snake Pit |   4916 |   4770 |    146 |    546 |   3238 |   4 | 1229.0 |
  Orcish Mines |   1756 |   1664 |     92 |    238 |    971 |   2 |  878.0 |
   Elven Halls |   3513 |   3392 |    121 |      0 |   2583 |   3 | 1171.0 |
        Vaults |   9214 |   8516 |    698 |   1015 |   5264 |   5 | 1842.8 |
         Crypt |   3543 |   3345 |    198 |    124 |   2224 |   3 | 1181.0 |
        Depths |   5474 |   5303 |    171 |    184 |   3870 |   4 | 1368.5 |
           Zot |   4991 |   4818 |    173 |    630 |   2839 |   5 |  998.2 |
         Abyss |    347 |    347 |      0 |     20 |      0 |   1 |  347.0 |
         Sewer |    872 |    872 |      0 |    252 |    357 |   1 |  872.0 |
       Ossuary |    299 |    299 |      0 |      0 |    125 |   1 |  299.0 |
        Bailey |    472 |    472 |      0 |      7 |    186 |   1 |  472.0 |
      Ice Cave |    929 |    929 |      0 |    352 |    337 |   1 |  929.0 |
       Volcano |    521 |    521 |      0 |     89 |    212 |   1 |  521.0 |
        Wizlab |    128 |    128 |      0 |      0 |     73 |   1 |  128.0 |
      Gauntlet |    667 |    667 |      0 |    121 |    309 |   1 |  667.0 |
               +--------+--------+--------+--------+--------+-----+--------+

Top non-repeatable levels by time:
Vaults:4: 2908 daAuts
  Lair:5: 2283 daAuts
  Lair:2: 2060 daAuts
    D:12: 2060 daAuts
 Snake:3: 1990 daAuts
Vaults:3: 1990 daAuts
Shoals:2: 1887 daAuts
Shoals:3: 1857 daAuts
     D:6: 1790 daAuts
 Crypt:3: 1779 daAuts
Vaults:1: 1729 daAuts
    D:11: 1709 daAuts
  Lair:3: 1671 daAuts
Depths:3: 1664 daAuts
  Lair:1: 1656 daAuts
